 Dungeon Crawl Stone Soup version 0.16-a0-282-ga87e286 (webtiles) character file.

22012 Johnny the Thaumaturge (level 12, -6/88 HPs)
             Began as a Demigod Conjurer on Aug 26, 2014.
             Mangled by an orc knight
             ... wielding a +0 battleaxe
              (20 damage)
             ... on Level 4 of the Orcish Mines on Aug 27, 2014.
             The game lasted 02:43:14 (27037 turns).

Johnny the Thaumaturge (Demigod Conjurer)          Turns: 27037, Time: 02:43:14

HP  -6/88        AC  9     Str 14      XL: 12   Next: 28%
MP   2/32        EV 17     Int 25      God:
Gold 1492        SH  0     Dex 17      Spells:  9 memorised,  4 levels left

rFire  + . .     SeeInvis .     k - +5 shortbow (freeze)
rCold  x . .     Clarity  .     O - +2 leather armour {MR+}
rNeg   . . .     rCorr    .     (no shield)
rPois  +         rRot     .     H - +0 helmet
rElec  .         Spirit   .     M - +2 cloak {rPois}
SustAb .         Warding  .     (no gloves)
rMut   .         Stasis   .     (no boots)
Gourm  .                        (no amulet)
MR     ++...                    D - ring of fire
                                a - +2 ring of evasion

@: liquefying, slowed movement, very slow, very resistant to hostile
enchantments, fairly stealthy
A: no striking features
a: no special abilities


You were on level 4 of the Orcish Mines.
You were hungry.

You visited 3 branches of the dungeon, and saw 17 of its levels.

You collected 1492 gold pieces.

Inventory:

Hand weapons
 g - a +1 hand axe of venom
 k - a +5 shortbow of freezing (weapon)
 x - the +4 hand axe of Jemn {vamp, Str+2}
   (You found it on level 4 of the Dungeon)

   It inflicts no extra harm, but heals its wielder somewhat when it strikes a
   living foe.
   It affects your strength (+2).
 L - a cursed +4 quarterstaff of chaos
 P - a +0 short sword of electrocution
 Q - a +0 battleaxe of chopping
 S - a +2 short sword of protection
Missiles
 i - 4 arrows of flame
 l - 63 arrows (quivered)
 A - 23 poisoned needles
Armour
 H - a +0 helmet (worn)
 M - a +2 cloak of poison resistance (worn)
 O - a +2 leather armour of magic resistance (worn)
 T - a +4 chain mail
Magical devices
 e - a wand of digging (2)
 j - a wand of random effects (4) {unknown}
 o - a wand of polymorph (8)
 p - a wand of polymorph (18)
 C - a wand of polymorph (13)
 F - a wand of draining (4)
 I - a wand of draining (2)
Comestibles
 E - 2 bread rations
 J - 2 meat rations
Scrolls
 b - 2 scrolls of recharging
 h - a scroll of fog
 s - a scroll of noise
 y - 5 scrolls of remove curse
 G - a scroll of torment
Jewellery
 a - a +2 ring of evasion (left hand)
 B - an uncursed ring of ice
 D - a ring of fire (right hand)
 N - an uncursed ring of sustain abilities
Potions
 n - 2 potions of restore abilities
 q - a potion of might
 u - a potion of brilliance {unknown}
 K - a potion of mutation {unknown}
Books
 c - a book of Conjurations

   Spells                             Type                      Level
   *Magic Dart                        Conjuration                  1
   *Searing Ray                       Conjuration                  2
   *Dazzling Spray                    Conjuration/Hexes            3
   Fulminant Prism                    Conjuration/Hexes            4
   *Iskenderun's Mystic Blast         Conjuration                  4
   Iskenderun's Battlesphere          Conjuration/Charms           5
 f - a book of the Earth

   Spells                             Type                      Level
   *Leda's Liquefaction               Hexes/Earth                  4
   Bolt of Magma                      Conjuration/Fire/Earth       5
   Statue Form                        Transmutation/Earth          6
   Iron Shot                          Conjuration/Earth            6
   Shatter                            Earth                        9
 r - a book of Changes

   Spells                             Type                      Level
   Beastly Appendage                  Transmutation                1
   *Sticks to Snakes                  Transmutation                2
   Spider Form                        Transmutation/Poison         3
   Ice Form                           Ice/Transmutation            4
   Blade Hands                        Transmutation                5
 t - a book of the Dragon

   Spells                             Type                      Level
   *Flight                            Charms/Air                   3
   *Cause Fear                        Hexes                        4
   Bolt of Fire                       Conjuration/Fire             6
   Dragon Form                        Transmutation                7
   Dragon's Call                      Summoning                    9
 w - Spellcasting, Part Three
   (You acquired it on level 10 of the Dungeon)

   Spells                             Type                      Level
   Regeneration                       Charms/Necromancy            3
   *Conjure Flame                     Conjuration/Fire             3
   Spectral Weapon                    Hexes/Charms                 3
   Recall                             Summoning/Translocation      3
   Teleport Other                     Translocation                3
Magical staves
 m - an uncursed staff of conjuration {unknown}


   Skills:
 + Level 2.8 Fighting
 + Level 0.1 Short Blades
 + Level 0.6 Axes
 + Level 9.5 Bows
 + Level 4.1 Armour
 + Level 5.9 Dodging
 + Level 4.1 Stealth
 + Level 9.5 Spellcasting
 + Level 9.5 Conjurations
 + Level 5.5 Hexes
 + Level 0.1 Charms
 + Level 1.1 Transmutations
 + Level 0.6 Fire Magic
 + Level 0.5 Air Magic
 + Level 0.1 Earth Magic
 + Level 1.5 Evocations


You had 4 spell levels left.
You knew the following spells:

 Your Spells              Type           Power        Failure   Level  Hunger
a - Magic Dart            Conj           ####         1%          1    None
b - Searing Ray           Conj           ######       1%          2    None
c - Dazzling Spray        Conj/Hex       #####...     1%          3    None
d - Sticks to Snakes      Trmt           ###.......   6%          2    None
e - Iskenderun's Mystic   Conj           ######..     1%          4    #......
f - Cause Fear            Hex            #####.....   8%          4    #......
g - Leda's Liquefaction   Hex/Erth       ####......   17%         4    #......
h - Flight                Chrm/Air       ##........   14%         3    None
i - Conjure Flame         Conj/Fire      ######..     1%          3    None


Dungeon Overview and Level Annotations

Branches:
Dungeon (12/15)            Temple (0/1) D:6             Orc (4/4) D:9
    Elf (0/3) Orc:4          Lair (1/8) D:8

Shops:
D:4 =}   Orc:3 [

Annotations:
D:7 exclusion: ice statue
Orc:4 Urug


Message History

Aiming: Magic Dart
Press: ? - help, Shift-Dir - straight line, f/p - orc knight
Aim: an orc knight, wielding a battleaxe and wearing a plate armour (almost dead, covering ground slowly)
The magic dart hits the orc knight.
The orc knight is almost dead.
The orc knight hits you with a battleaxe!!
* * * LOW HITPOINT WARNING * * *
Eat which item? (? for menu, Esc to quit)
Okay, then.
Drink which item? (? for menu, Esc to quit)
Okay, then.
Read which item? (? for menu, Esc to quit)
Okay, then.
Evoke which item? (* to show all) (? for menu, Esc to quit)
Zapping:
I - a wand of draining {zapped: 1}
Press: ? - help, Shift-Dir - straight line, f/p - orc knight
Aim: an orc knight, wielding a battleaxe and wearing a plate armour (almost dead, covering ground slowly)
The bolt of negative energy misses the orc knight.
The orc knight hits you with a battleaxe!!
You die...

########## ### # ##......#.#####
##.### ###### #......<...#..##
##....###.##..
.....<........)#####.............
.....o........##..#.#..(.........
o......((.#......................
..o........(.....................
.........#..#...................
...........%.o@................
........#.##.##...............
..........#####..............
.......#.####.##.............
#...##### #........%.##..... ....
##.##......#...... ##
####............. #...##.........
##...#..........


You could see an orc knight.

Vanquished Creatures
  The ghost of runewalsh the Martial Artist, a powerful OpTm of Ashenzari (D:11)
  2 hydras (D:12)
  4 hill giants
  A harpy (shapeshifter) (D:11)
  An orc knight (Orc:2)
  Maurice (D:10)
  Joseph (Lair:1)
  An elephant (D:8)
  A black mamba (Lair:1)
  A tengu conjurer (D:10)
  2 spiny frogs (Lair:1)
  A gargoyle (D:10)
  2 two-headed ogres
  A merfolk (D:11)
  3 trolls
  3 snapping turtles (D:8)
  7 yaks
  A hippogriff (Lair:1)
  A deep elf mage (D:12)
  A wraith (D:10)
  A water elemental (D:11)
  2 hill giant skeletons
  2 hungry ghosts
  A tengu zombie (D:12)
  5 wargs
  A porcupine (Lair:1)
  21 orc warriors
  3 ice beasts
  2 water moccasins
  3 sky beasts
  3 black bears
  9 ogres
  A phantom (D:12)
  9 centaurs
  6 crocodiles
  9 giant frogs
  8 scorpions
  A troll zombie (D:9)
  A water moccasin skeleton (D:7)
  A killer bee (D:9)
  A hippogriff skeleton (D:10)
  4 crimson imps
  7 electric eels (D:8)
  2 fulminant prisms (D:9)
  5 goliath beetles
  5 hounds
  A yellow wasp zombie (D:11)
  3 quasits
  Crazy Yiuf (D:7)
  20 orc priests
  21 jellies
  A centaur skeleton (D:5)
  8 iguanas
  18 orc wizards
  11 worker ants
  A sky beast zombie (D:8)
  An ogre skeleton (D:8)
  A mummy (D:5)
  3 worker ant zombies
  3 gnolls (D:9)
  15 adders
  2 giant mites (D:9)
  2 worms
  An adder zombie (D:8)
  2 adder skeletons
  6 giant geckos
  An ooze (D:2)
  146 orcs
  20 bats
  A bat skeleton (D:4)
  6 giant cockroaches
  19 goblins
  18 hobgoblins
  3 jackals (D:2)
  A ball python (D:7)
  4 giant newts
  2 goblin skeletons (D:4)
  A jackal skeleton (D:5)
  15 kobolds
  A kobold skeleton (D:7)
  A kobold zombie (D:5)
  4 quokkas
  11 rats
  2 rat skeletons
  A butterfly (D:9)
527 creatures vanquished.

Vanquished Creatures (collateral kills)
  Menkaure (D:7)
1 creature vanquished.

Vanquished Creatures (others)
  12 fulminant prisms
  A two-headed ogre skeleton (D:10)
  An iguana (D:8)
  A kobold (D:10)
15 creatures vanquished.

Grand Total: 543 creatures vanquished

Notes
Turn   | Place    | Note
--------------------------------------------------------------
     0 | D:1      | Johnny, the Demigod Conjurer, began the quest for the Orb.
     0 | D:1      | Reached XP level 1. HP: 14/14 MP: 3/3
   408 | D:2      | Reached XP level 2. HP: 11/20 MP: 0/4
   555 | D:2      | Found a sparkling altar of Nemelex Xobeh.
   715 | D:2      | Reached skill level 4 in Conjurations
   882 | D:2      | Reached XP level 3. HP: 23/26 MP: 0/8
  1049 | D:2      | Learned a level 2 spell: Searing Ray
  1053 | D:2      | Learned a level 3 spell: Dazzling Spray
  1306 | D:2      | Found a burning altar of Makhleb.
  1654 | D:3      | Found an iron altar of Okawaru.
  1938 | D:3      | Reached XP level 4. HP: 31/34 MP: 0/11
  2645 | D:4      | Found Phaprah's Jewellery Shop.
  2646 | D:4      | Noticed an ogre
  2653 | D:4      | Killed an ogre
  2653 | D:4      | Reached XP level 5. HP: 26/39 MP: 0/13
  3002 | D:4      | Noticed an ogre
  3202 | D:4      | Found Plavyr's Gadget Emporium.
  3461 | D:4      | Reached skill level 1 in Armour
  3461 | D:4      | Reached skill level 5 in Conjurations
  3708 | D:4      | Noticed an ogre
  3872 | D:4      | Reached XP level 6. HP: 30/46 MP: 8/17
  3998 | D:4      | Killed an ogre
  4209 | D:4      | Killed an ogre
  4397 | D:4      | Got a shimmering hand axe
  4560 | D:4      | Learned a level 2 spell: Sticks to Snakes
  4562 | D:5      | Entered Level 5 of the Dungeon
  4862 | D:4      | Reached XP level 7. HP: 38/51 MP: 14/20
  4966 | D:5      | Identified the +4 hand axe of Jemn {vamp, Str+2} (You found it on level 4 of the Dungeon)
  4987 | D:5      | Found a glowing silver altar of Zin.
  5585 | D:5      | Reached skill level 1 in Fighting
  5631 | D:5      | Learned a level 4 spell: Iskenderun's Mystic Blast
  5691 | D:5      | Reached skill level 1 in Hexes
  6737 | D:6      | Reached skill level 5 in Spellcasting
  6737 | D:6      | Reached skill level 6 in Conjurations
  6904 | D:6      | Reached XP level 8. HP: 13/59 MP: 1/22
  7261 | D:6      | Found a glowing golden altar of the Shining One.
  7299 | D:6      | Found a staircase to the Ecumenical Temple.
  7470 | D:6      | Reached skill level 1 in Bows
  8970 | D:7      | Noticed Crazy Yiuf
  8980 | D:7      | Killed Crazy Yiuf
  9085 | D:7      | Noticed Menkaure
  9102 | D:7      | Killed Menkaure
  9424 | D:7      | Noticed an ice statue
  9952 | D:8      | Noticed a two-headed ogre
  9970 | D:8      | Killed a two-headed ogre
  9970 | D:8      | Reached skill level 1 in Transmutations
  9970 | D:8      | Reached XP level 9. HP: 64/64 MP: 3/25
 10111 | D:8      | Found a shadowy altar of Dithmenos.
 10440 | D:8      | Reached skill level 7 in Conjurations
 11578 | D:8      | Noticed an elephant
 11597 | D:8      | Killed an elephant
 11747 | D:8      | Found a staircase to the Lair.
 12014 | D:8      | Reached XP level 10. HP: 42/73 MP: 9/28
 12343 | D:8      | Learned a level 4 spell: Cause Fear
 12348 | D:8      | Learned a level 4 spell: Fulminant Prism
 12352 | D:8      | Learned a level 3 spell: Flight
 13731 | D:9      | Reached skill level 5 in Bows
 13732 | D:9      | Reached skill level 1 in Evocations
 14438 | D:9      | Found a basalt altar of Yredelemnul.
 14899 | D:9      | Found a staircase to the Orcish Mines.
 15381 | D:9      | Reached skill level 8 in Conjurations
 15762 | D:10     | Entered Level 10 of the Dungeon
 15772 | D:10     | Noticed a death drake
 15772 | D:10     | Noticed a wolf spider
 15850 | Lair:1   | Entered Level 1 of the Lair of Beasts
 15949 | Lair:1   | Noticed a four-headed hydra
 16017 | Lair:1   | Reached skill level 5 in Dodging
 16429 | Lair:1   | Noticed Joseph
 16466 | Lair:1   | Killed Joseph
 16466 | Lair:1   | Reached XP level 11. HP: 18/79 MP: 2/29
 17512 | D:10     | Noticed Maurice
 18189 | D:10     | Identified a scroll of acquirement
 18233 | D:10     | Killed Maurice
 18304 | D:10     | Identified Spellcasting, Part Three (You acquired it on level 10 of the Dungeon)
 18312 | D:10     | Learned a level 3 spell: Conjure Flame
 19480 | D:11     | Noticed runewalsh's ghost (powerful OpTm)
 19502 | D:11     | Killed runewalsh's ghost
 20190 | D:11     | Reached skill level 5 in Hexes
 21366 | D:12     | Noticed a six-headed hydra
 21734 | D:11     | Upgraded the game from 0.16-a0-269-gd5b6136 to 0.16-a0-282-ga87e286
 21740 | D:11     | Learned a level 4 spell: Leda's Liquefaction
 21794 | D:12     | Noticed a six-headed hydra
 22566 | D:12     | Killed a six-headed hydra
 22566 | D:12     | Reached skill level 9 in Spellcasting
 22735 | D:12     | Killed a six-headed hydra
 22948 | D:12     | Reached XP level 12. HP: 88/88 MP: 7/31
 23515 | D:12     | Found a roughly hewn altar of Beogh.
 24070 | Orc:1    | Entered Level 1 of the Orcish Mines
 25770 | Orc:2    | Found a roughly hewn altar of Beogh.
 25991 | Orc:3    | Found Agaeq's Antique Armour Shoppe.
 26367 | Orc:4    | Entered Level 4 of the Orcish Mines
 26369 | Orc:4    | Found a staircase to the Elven Halls.
 26617 | Orc:4    | Noticed Urug
 27037 | Orc:4    | Mangled by an orc knight

Action                   |  1- 3 |  4- 6 |  7- 9 | 10-12 || total
-------------------------+-------+-------+-------+-------++-------
Melee: Short sword       |    17 |       |       |       ||    17
       Unarmed           |     6 |       |       |       ||     6
       Dagger            |    25 |    31 |       |       ||    56
       Hand axe          |       |       |    41 |    38 ||    79
       Shortbow          |       |       |       |     1 ||     1
 Fire: Shortbow          |       |       |   158 |   623 ||   781
 Cast: Magic Dart        |    86 |    94 |   134 |   109 ||   423
       Dazzling Spray    |     4 |    14 |    58 |   103 ||   179
       Searing Ray       |       |    13 |    52 |   108 ||   173
       Sticks to Snakes  |       |     3 |     5 |       ||     8
       Iskenderun's Myst |       |       |    51 |   136 ||   187
       Fulminant Prism   |       |       |       |    14 ||    14
       Cause Fear        |       |       |       |    18 ||    18
       Flight            |       |       |       |     4 ||     4
       Conjure Flame     |       |       |       |    10 ||    10
       Leda's Liquefacti |       |       |       |     6 ||     6
Evoke: Wand              |       |       |     7 |    10 ||    17
  Use: Potion            |     4 |       |     6 |     6 ||    16
       Scroll            |     3 |     8 |     6 |    13 ||    30
 Stab: Invisible         |     1 |       |       |       ||     1
  Eat: Chunk             |     1 |     1 |     2 |    13 ||    17
       Bread ration      |     1 |       |     2 |     3 ||     6
       Beef jerky        |     1 |       |     2 |     4 ||     7
       Meat ration       |       |     1 |     4 |     2 ||     7
       Pizza             |       |     1 |       |       ||     1
       Fruit             |       |       |       |    16 ||    16
